 Dungeon Crawl Stone Soup version 0.21.1-1-g345015fe64 (webtiles) character file.

252 Bighouser the Chopper (level 6, -1/47 HPs)
             Began as a Human Fighter on June 5, 2018.
             Killed from afar by DildoBatman's ghost (3 damage)
             ... with a magic dart
             ... on level 3 of the Dungeon.
             The game lasted 00:08:44 (1746 turns).

Bighouser the Chopper (Human Fighter)               Turns: 1746, Time: 00:08:44

Health: -1/47      AC: 12    Str: 20    XL:     6   Next: 36%
Magic:  6/6        EV:  3    Int:  8    God:
Gold:   128        SH:  9    Dex: 13    Spells: 5/5 levels left

rFire    . . .     SeeInvis .   a - +0 war axe
rCold    . . .     Gourm    .   c - +0 shield
rNeg     . . .     Faith    .   h - +0 plate armour
rPois    .         Spirit   .   (no helmet)
rElec    .         Reflect  .   (no cloak)
rCorr    +         Harm     .   w - +0 pair of gloves
MR       .....                  (no boots)
Stlth    ..........             (no amulet)
HPRegen  0.15/turn              n - ring of resist corrosion
MPRegen  0.10/turn              s - +2 ring of strength

@: no status effects
A: no striking features
a: no special abilities


You were on level 3 of the Dungeon.
You were not hungry.

You visited 1 branch of the dungeon, and saw 3 of its levels.

You collected 128 gold pieces.

Inventory:

Hand Weapons
 a - a +0 war axe (weapon)
 y - a +0 hand crossbow
 A - a +0 blowgun
 B - a +0 short sword
Missiles
 j - 38 poisoned needles
 u - 53 arrows
 F - 5 needles of paralysis
Armour
 b - a +0 scale mail
 c - a +0 shield (worn)
 h - a +0 plate armour (worn)
 w - a +0 pair of gloves (worn)
Jewellery
 n - a ring of resist corrosion (left hand)
 s - a +2 ring of strength (right hand)
Scrolls
 g - 2 scrolls of fog {unknown}
 o - 3 scrolls of identify
 p - a scroll of remove curse {unknown}
 q - 2 scrolls of teleportation {unknown}
 t - 2 scrolls of enchant weapon {unknown}
 v - a scroll of amnesia {unknown}
 z - a scroll of magic mapping {unknown}
 C - a scroll of fear {unknown}
 E - 2 scrolls of noise {unknown}
Potions
 d - a potion of might
 e - 3 potions of brilliance {unknown}
 f - a potion of lignification {unknown}
 i - a potion of flight {unknown}
 k - 2 potions of curing {unknown}
 l - 3 potions of heal wounds {unknown}
 m - a potion of agility {unknown}
 r - a potion of invisibility {unknown}
 x - a potion of cancellation {unknown}
Comestibles
 D - a ration


   Skills:
 + Level 3.5 Fighting
 * Level 5.0 Axes
 + Level 3.6 Armour
 + Level 3.7 Shields


You had 5 spell levels left.
You didn't know any spells.

Dungeon Overview and Level Annotations

Branches:
Dungeon (3/15)

Altars:
Gozag
Okawaru

Annotations:
D:3 DildoBatman's ghost, amateur FoWz


Message History

DildoBatman's ghost is severely damaged.
You block DildoBatman's ghost's attack. DildoBatman's ghost hits you!
* * * LOW HITPOINT WARNING * * *
You hit DildoBatman's ghost but do no damage.
DildoBatman's ghost is severely damaged.
DildoBatman's ghost points at you and mumbles some strange words.
The magic dart hits you!
* * * LOW HITPOINT WARNING * * *
You hit DildoBatman's ghost.
DildoBatman's ghost is severely damaged.
DildoBatman's ghost hits you but does no damage.
You hit DildoBatman's ghost but do no damage.
DildoBatman's ghost is severely damaged.
DildoBatman's ghost says, "You must not succeed where I failed!"
DildoBatman's ghost hits you but does no damage.
Your shield and plate armour prevent you from hitting DildoBatman's ghost.
DildoBatman's ghost is severely damaged.
DildoBatman's ghost casts a spell at you.
The magic dart hits you!
You die...

.# ## .. . .#
.########.#
..........####
#.@W....#
#.#####.# . ###.#
.. #...# ...
####.#.#
.#..#....#.#####.#
....'............#
....'....#########
#..#....#


You could see DildoBatman's ghost.

Vanquished Creatures
  A hippogriff (D:3)
  A hound (D:2)
  2 worms (D:3)
  A dart slug (D:3)
  4 giant cockroaches
  5 hobgoblins
  4 kobolds
  4 ball pythons
  7 bats
  7 frilled lizards
  6 goblins
  5 rats
47 creatures vanquished.

Notes
Turn   | Place    | Note
-------+----------+-------------------------------------------
     0 | D:1      | Bighouser the Human Fighter began the quest for the Orb.
     0 | D:1      | Reached XP level 1. HP: 18/18 MP: 1/1
   284 | D:1      | Reached XP level 2. HP: 24/24 MP: 2/2
   562 | D:2      | Found an opulent altar of Gozag.
   570 | D:2      | Reached XP level 3. HP: 29/29 MP: 3/3
  1059 | D:2      | Reached skill level 3 in Axes
  1059 | D:2      | Reached XP level 4. HP: 28/35 MP: 4/4
  1371 | D:3      | Noticed a hippogriff
  1381 | D:3      | Killed a hippogriff
  1381 | D:3      | Reached skill level 4 in Axes
  1381 | D:3      | Reached XP level 5. HP: 24/41 MP: 5/5
  1381 | D:3      | Reached XP level 6. HP: 28/47 MP: 6/6
  1504 | D:3      | Found an iron altar of Okawaru.
  1681 | D:3      | Reached skill level 5 in Axes
  1721 | D:3      | Noticed DildoBatman's ghost (amateur FoWz)
  1743 | D:3      | HP: 2/47 [DildoBatman's ghost/magic dart (3)]
  1746 | D:3      | Killed from afar by DildoBatman's ghost

Skill      XL: |  1  2  3  4  5  6 |
---------------+-------------------+-----
Axes           | 3 4 5 |  5.0
Fighting       | |  3.5
Armour         | |  3.6
Shields        | |  3.7

Action                   |  1- 3 |  4- 6 || total
-------------------------+-------+-------++-------
Melee: War axe           |   117 |    85 ||   202
  Use: Scroll            |     2 |       ||     2
  Eat: Ration            |       |     1 ||     1
Armor: Plate armour      |   110 |    78 ||   188
Dodge: Dodged            |    16 |     8 ||    24
Block: Shield            |    73 |    54 ||   127
